 Dungeon Crawl Stone Soup version 0.20.1-1-g8b1a95d (webtiles) character file.

119 Glalom the Poker (level 5, 0/38 HPs)
             Began as a Merfolk Skald on Oct 29, 2017.
             Slain by an orc wizard
             ... wielding a +0 dagger
              (4 damage)
             ... on level 2 of the Dungeon.
             The game lasted 00:06:22 (1749 turns).

Glalom the Poker (Merfolk Skald)                    Turns: 1749, Time: 00:06:23

Health: 0/38       AC:  5    Str: 11    XL:     5   Next: 3%
Magic:  3/8        EV: 12    Int: 14    God:
Gold:   102        SH:  0    Dex: 13    Spells: 2/8 levels left

rFire    . . .     SeeInvis .   a - +0 spear
rCold    . . .     Gourm    .   (no shield)
rNeg     . . .     Faith    .   b - +0 leather armour
rPois    .         Spirit   .   (no helmet)
rElec    .         Reflect  .   (no cloak)
rCorr    .         Harm     .   (no gloves)
MR       .....                  j - +1 pair of boots
Stlth    +.........             (no amulet)
Regen    0.2/turn               (no ring)
MPRegen  0.2/turn               (no ring)

@: no status effects
A: change form in water, swift swim, stealthy swim
a: no special abilities


You were on level 2 of the Dungeon.
You were very hungry.

You visited 1 branch of the dungeon, and saw 3 of its levels.

You collected 102 gold pieces.

Inventory:

Hand Weapons
 a - a +0 spear (weapon)
Armour
 b - a +0 leather armour (worn)
 j - a +1 pair of boots (worn)
Jewellery
 l - an uncursed ring of stealth {unknown}
Scrolls
 e - a scroll of magic mapping {unknown}
 i - 3 scrolls of random uselessness {unknown}
 k - 4 scrolls of remove curse {unknown}
 n - a scroll of enchant weapon {unknown}
 r - 2 scrolls of identify {unknown}
 t - a scroll of recharging {unknown}
Potions
 f - a potion of might {unknown}
 h - 2 potions of resistance {unknown}
 p - 2 potions of curing {unknown}
 q - a potion of cancellation {unknown}
 s - a potion of ambrosia {unknown}
Books
 c - a book of Battle

   Spells                             Type                      Level
   a - Infusion                       Charms                       1
   b - Shroud of Golubria             Charms/Translocation         2
   c - Song of Slaying                Charms                       2
   d - Spectral Weapon                Hexes/Charms                 3
   e - Regeneration                   Charms/Necromancy            3
Comestibles
 d - 3 bread rations
 g - a meat ration
 m - 2 fruits


   Skills:
 - Level 2.1 Fighting
 - Level 5.1 Polearms
 - Level 0.6 Armour
 - Level 2.6 Dodging
 - Level 2.0 Spellcasting
 + Level 2.0 Hexes
 + Level 4.4 Charms


You had 2 spell levels left.
You knew the following spells:

 Your Spells              Type           Power        Failure   Level  Hunger
a - Infusion              Chrm           ##..         4%          1    ##.....
b - Shroud of Golubria    Chrm/Tloc      #.........   19%         2    ###....
c - Spectral Weapon       Hex/Chrm       ##......     24%         3    ####...


Dungeon Overview and Level Annotations

Branches:
Dungeon (3/15)

Altars:


Message History

The orc wizard casts a spell at you. The magic dart hits you!
* * * LOW HITPOINT WARNING * * *
The orc wizard hits you but does no damage.
Casting: Infusion
Confirm with . or Enter, or press ? or * to list all spells.
Space distorts slightly along a thin shroud covering your body.
The orc wizard hits you with a dagger.
* * * LOW HITPOINT WARNING * * *
Your shroud falls apart!
The orc hits you.
* * * LOW HITPOINT WARNING * * *
The orc wizard gestures at you while chanting.
You resist with some effort.
The orc wizard hits you but does no damage.
Casting: Shroud of Golubria
Confirm with . or Enter, or press ? or * to list all spells.
You draw out your weapon's spirit!
The orc wizard barely misses you. The orc wizard hits you with a dagger.
You die...

#.##....#.# #.#.......
#..###.##.## #.........
##># #.##..###.#.......
#.# #.##...##.#....... #.#
#.###.......###..♣
#####.###.# #.###.<.....#♣
#.........###.##>.....♣.♣♣
#.>......()...#..#....♣.P♣
#........@##o...##....♣P..
#########.o.o#.P#####..♣.P
######P...P.#...♣♣
#.P.P..##..# ##....P.#..#
#P...###..# ###### ####


You could see an orc wizard, an orc and a friendly spectral spear.

Vanquished Creatures
  A hound (D:2)
  A hound skeleton (D:2)
  3 adders (D:2)
  An ooze (D:2)
  A worm (D:2)
  2 dart slugs (D:2)
  A leopard gecko (D:2)
  2 orcs (D:2)
  4 giant cockroaches
  4 goblins
  A hobgoblin (D:2)
  5 bats
  9 frilled lizards
  5 kobolds
  3 rats (D:2)
43 creatures vanquished.

Notes
Turn   | Place    | Note
-------+----------+-------------------------------------------
     0 | D:1      | Glalom the Merfolk Skald began the quest for the Orb.
     0 | D:1      | Reached XP level 1. HP: 16/16 MP: 3/3
   288 | D:1      | Reached XP level 2. HP: 16/22 MP: 5/5
   363 | D:1      | Learned a level 2 spell: Shroud of Golubria
   533 | D:2      | Reached skill level 4 in Polearms
   573 | D:2      | Reached XP level 3. HP: 17/27 MP: 6/6
   589 | D:2      | Learned a level 3 spell: Spectral Weapon
   968 | D:2      | Reached skill level 1 in Hexes
  1039 | D:2      | Reached XP level 4. HP: 29/33 MP: 7/7
  1107 | D:2      | Reached skill level 5 in Polearms
  1460 | D:2      | Reached XP level 5. HP: 28/38 MP: 8/8
  1749 | D:2      | Slain by an orc wizard

Skill      XL: |  1  2  3  4  5 |
---------------+----------------+-----
Polearms       | 4 5 |  5.1
Charms         | 4 |  4.4
Hexes          | 1 2 |  2.0
Fighting       | |  2.1
Armour         | |  0.6
Dodging        | |  2.6
Spellcasting   | |  2.0

Action                   |  1- 3 |  4- 6 || total
-------------------------+-------+-------++-------
Melee: Spear             |   143 |    80 ||   223
 Cast: Infusion          |     2 |     1 ||     3
       Shroud of Golubri |     1 |     1 ||     2
       Spectral Weapon   |       |     1 ||     1
  Eat: Chunk             |     1 |     1 ||     2
Armor: Leather armour    |    33 |    20 ||    53
Dodge: Dodged            |    75 |    41 ||   116
